 Dungeon Crawl Stone Soup version 0.32-a0-953-g508020473e (webtiles) character file.

Game seed: 9568843696085438132

71 Esekla the Chucker (level 4, -4/33 HPs)
             Began as a Demonspawn Wanderer on Apr 16, 2024.
             Was a Follower of Cheibriados.
             Slain by a gnoll
             ... wielding a +0 spear
              (5 damage)
             ... on level 2 of the Dungeon.
             The game lasted 00:09:17 (1865 turns).

Esekla the Chucker (Demonspawn Wanderer)            Turns: 1865, Time: 00:09:18

Health: -4/33      AC:  2    Str: 15    XL:     4   Next: 5%
Magic:  3/6        EV: 10    Int: 21    God:    Cheibriados [*.....]
Gold:   89         SH:  0    Dex: 11    Spells: 2/6 levels left

rFire   . . .        a - +3 dagger
rCold   . . .        (no shield)
rNeg    . . .        d - +0 robe
rPois   .            (no helmet)
rElec   .            (no cloak)
rCorr   .            (no gloves)
SInv    .            (no boots)
Will    .....        j - amulet of the acrobat
Stlth   +            (no ring)
HPRegen 0.25/turn    (no ring)
MPRegen 0.20/turn

%: acrobat
@: very slow
A: claws 1, magic regeneration, big brain 1
a: Renounce Religion, Bend Time


You were on level 2 of the Dungeon.
You worshipped Cheibriados.
Cheibriados was aware of your devotion.
You visited 1 branch of the dungeon, and saw 2 of its levels.

You collected 89 gold pieces.

Inventory:

Hand Weapons
 a - a +3 dagger (weapon)
Missiles
 b - 2 curare-tipped darts (quivered)
 l - 4 boomerangs
Armour
 d - a +0 robe (worn)
Jewellery
 j - an amulet of the acrobat (around neck)
Scrolls
 c - a scroll of fear
 f - a scroll of noise {unknown}
 g - a scroll of blinking {unknown}
 h - a scroll of immolation {unknown}
 m - a scroll of enchant weapon {unknown}
Potions
 e - a potion of curing {unknown}
 i - 2 potions of heal wounds {unknown}
 k - a potion of brilliance {unknown}
 n - a potion of haste {unknown}


   Skills:
 * Level 2.2 Fighting
 + Level 0.5 Short Blades
 + Level 4.1 Throwing
 + Level 1.8 Armour
 + Level 0.4 Stealth
 * Level 1.9 Spellcasting
 * Level 1.6 Ice Magic
 * Level 0.5 Air Magic


You had 2 spell levels left.
You knew the following spells:

 Your Spells              Type           Power      Damage    Failure   Level
a - Ozocubu's Armour      Ice            9%         N/A       22%         3
b - Freeze                Ice            36%        1d5       8%          1

Your spell library contained the following spells:

 Spells                   Type           Power      Damage    Failure   Level
 Shock                    Conj/Air       12%        1d3       14%         1
 Apportation              Tloc           2%         N/A       16%         1
 Necrotise                Necr           4%         1d4       16%         1
 Sting                    Conj/Alch      4%         1d3       16%         1
 Summon Small Mammal      Summ           4%         N/A       16%         1
 Swiftness                Air            4%         N/A       36%         3
 Airstrike                Air            2%         2d(1-17)  77%         4


Dungeon Overview and Level Annotations

Branches:
Dungeon (2/15)

Altars:
Cheibriados


Innate Abilities, Weirdness & Mutations

You have sharp fingernails.
You regenerate magic rapidly.
You have an unusually large brain. (Int +2)


Message History

The gnoll hits you with a +0 spear. The gnoll barely misses you.
You barely miss the gnoll.
The gnoll is heavily wounded.
The gnoll barely misses you.
You closely miss the gnoll.
The gnoll is heavily wounded.
The gnoll barely misses you.
The gnoll hits you from afar with a +0 spear.
You hit the gnoll.
The gnoll is severely wounded.
The gnoll hits you but does no damage. x2
You hit the gnoll.
You kill the gnoll!
Cheibriados appreciates the change of pace.
You kill the gnoll!
Cheibriados appreciates the change of pace.
The gnoll hits you from afar with a +0 spear.
You have reached level 4!
You feel clever.
Your demonic ancestry asserts itself...
Your fingernails lengthen.
Your icy armour cracks and falls away as you move.
The gnoll completely misses you.
Things that are here:
a +0 spear; a curare-tipped dart; a gnoll corpse
Casting: Ozocubu's Armour (quite dangerous; 22% risk of failure)
Confirm with . or Enter, or press ? or * to list all spells.
You don't have enough magic to cast this spell.
You hit the gnoll.
The gnoll is moderately wounded.
The gnoll hits you with a +0 spear!
* * * LOW HITPOINT WARNING * * *
You hit the gnoll.
The gnoll is moderately wounded.
The gnoll hits you with a +0 spear.
* * * LOW HITPOINT WARNING * * *
You hit the gnoll.
The gnoll is severely wounded.
The gnoll hits you with a +0 spear.
You die...
Cheibriados appreciates the motionlessness of death.

##########.# #..... ##.#
...###. #..# ### #. # #.##
## .# #+ ## #.# .. ..# .##
##.# g##.. ..## ##..# ...
.##
...####...#########.#.....
...'..†........)@g).......
...####...#########.#...##
..## ##..# ... ## .## ##.#
##.# ## #.# .# # #.# #
######+ #.# ##...... #.
#....... # #..####.


You could see a gnoll.

Vanquished Creatures
  3 gnolls (D:2)
  A dart slug (D:1)
  6 ball pythons
  4 endoplasms
  3 giant cockroaches (D:1)
  5 goblins
  2 hobgoblins (D:1)
  3 quokkas
  2 frilled lizards (D:1)
  4 kobolds
  6 rats
39 creatures vanquished.

Notes
Turn   | Place    | Note
-------+----------+-------------------------------------------
     0 | D:1      | Esekla the Demonspawn Wanderer began the quest for the Orb.
     0 | D:1      | Esekla set off with the following items: a +3 dagger, 4
                  | curare-tipped darts, a scroll of fear, a +0 robe; and the
                  | following spell memorised: Freeze; and the following spells
                  | available to memorise: Ozocubu's Armour.
     0 | D:1      | Reached XP level 1. HP: 16/16 MP: 2/2
   306 | D:1      | Gained mutation: You regenerate magic rapidly. [demonic
                  | ancestry]
   306 | D:1      | Reached XP level 2. HP: 14/22 MP: 3/3
   369 | D:1      | Reached skill level 4 in Throwing
   752 | D:1      | You fall into a shaft and drop 1 floor!
  1129 | D:1      | Gained mutation: You have an unusually large brain. (Int
                  | +2) [demonic ancestry]
  1129 | D:1      | Reached XP level 3. HP: 18/27 MP: 4/4
  1136 | D:1      | Learned a level 3 spell: Ozocubu's Armour
  1745 | D:2      | Found a faded altar of an unknown god.
  1751 | D:2      | Prayed at the altar of an unknown god.
  1751 | D:2      | Became a worshipper of Cheibriados the Contemplative
  1751 | D:2      | Reached * piety under Cheibriados
  1862 | D:2      | Gained mutation: You have sharp fingernails. [demonic
                  | ancestry]
  1862 | D:2      | Reached XP level 4. HP: 13/33 MP: 2/6
  1864 | D:2      | HP: 1/33 [gnoll/+0 spear (6)]
  1865 | D:2      | Slain by a gnoll

Illustrated notes

Levels and vault maps discovered:
D:1:      mainiacjoe_arrival_reflecting_pool, layout_basic
D:2:      layout_loops_corners, basic_ecumenical_altar

Skill      XL: |  1  2 |
---------------+-------+-----
Throwing       | 4 |  4.1
Fighting       | |  2.2
Short Blades   | |  0.5
Armour         | |  1.8
Stealth        | |  0.4
Spellcasting   | |  1.9
Ice Magic      | |  1.6
Air Magic      | |  0.5

Action                     |  1- 3 |  4- 6 || total
---------------------------+-------+-------++-------
  Melee: Dagger            |   147 |     3 ||   150
  Throw: Dart              |     2 |       ||     2
         Boomerang         |     1 |       ||     1
   Cast: Ozocubu's Armour  |     5 |       ||     5
   Stab: Sleeping          |     1 |       ||     1
 Armour: Robe              |    82 |     3 ||    85
  Dodge: Dodged            |    70 |     1 ||    71

Table legend: (Time is in decaauts)
 A = Elapsed time spent in this place.
 B = Non-inter-level travel time spent in this place.
 C = Inter-level travel time spent in this place.
 D = Time resting spent in this place.
 E = Time spent auto-exploring this place.
 F = Levels seen in this place.
 G = Mean time per level.
                   A        B        C        D        E       F      G
               +--------+--------+--------+--------+--------+-----+--------+
         Total |   1896 |   1860 |     36 |    197 |    711 |   2 |  948.0 |
       Dungeon |   1896 |   1860 |     36 |    197 |    711 |   2 |  948.0 |
               +--------+--------+--------+--------+--------+-----+--------+

Top non-repeatable levels by time:
     D:1: 1070 daAuts
     D:2: 826 daAuts
